TOP OF THE 1ST |
Portland Angels batting - Pitching for Joplin Blasters : RHP Omar Flores
|
Pitching: RHP Omar Flores
|
|
Batting: RHB Dan Contreras
|
0-0: Called Strike 0-1: Ball 1-1: Called Strike 1-2: Ball 2-2: Foul Ball, location: 2F 2-2: Ball 3-2: SINGLE (Groundball, 23, EV 70.0 MPH) (infield hit)
|
Batting: RHB Arnaud Derosiers
|
0-0: Ball 1-0: Called Strike 1-1: Called Strike 1-2: Foul Ball, location: 2F 1-2: Strikes out looking
|
Batting: LHB Ramon Garduno
|
0-0: Ball Dan Contreras is caught stealing 2nd base 2-6 1-0: Swinging Strike 1-1: Foul Ball, location: 2F 1-2: Ball 2-2: Foul Ball, location: 2F 2-2: Ball 3-2: Strikes out swinging
|
Top of the 1st over - 0 runs, 1 hit, 0 errors, 0 left on base; Portland 0 - Joplin 0 |
BOTTOM OF THE 1ST |
Joplin Blasters batting - Pitching for Portland Angels : LHP Alejandro Jimenez
|
Pitching: LHP Alejandro Jimenez
|
|
Batting: RHB Shura Mogilny
|
0-0: Swinging Strike 0-1: Foul Ball, location: 2F 0-2: Ball 1-2: Foul Ball, location: 2F 1-2: Fly out, F3 (Popup, 3SF, EV 73.8 MPH)
|
Batting: LHB Shohei Nishi
|
0-0: Ball 1-0: SINGLE (Groundball, 4M, EV 84.4 MPH) (infield hit)
|
Batting: SHB Adrian Orosco
|
0-0: Ball 1-0: Ball 2-0: Ball 3-0: Called Strike 3-1: Base on Balls Shohei Nishi to second
|
Batting: RHB Hugo Chavez
|
0-0: Ball Wild Pitch! Shohei Nishi to third Adrian Orosco to second 1-0: Reached on error, E5 (Groundball, 5, EV 90.0 MPH) Shohei Nishi scores Adrian Orosco to third
|
Batting: RHB Jose Barboza
|
0-0: Foul Ball, location: 2F 0-1: Called Strike 0-2: Strikes out swinging
|
Batting: RHB David Rubio
|
0-0: Ball 1-0: Ball Wild Pitch! Adrian Orosco scores Hugo Chavez to second 2-0: Ball 3-0: Called Strike 3-1: Base on Balls
|
Batting: RHB Nick Moore
|
0-0: Ball 1-0: Called Strike 1-1: Called Strike 1-2: Strikes out swinging
|
Bottom of the 1st over - 2 runs, 1 hit, 1 error, 2 left on base; Portland 0 - Joplin 2 |
TOP OF THE 2ND |
Portland Angels batting - Pitching for Joplin Blasters : RHP Omar Flores
|
Batting: RHB Alex Rosaly
|
0-0: Ground out 6-3 (Groundball, 6, EV 93.8 MPH)
|
Batting: SHB Yuya Hirata
|
0-0: Ball 1-0: Ground out 1-3 (Groundball, 15S, EV 69.4 MPH)
|
Batting: LHB Kevin Feldman
|
0-0: Swinging Strike 0-1: Called Strike 0-2: Ball 1-2: Strikes out swinging
|
Top of the 2nd over - 0 runs, 0 hits, 0 errors, 0 left on base; Portland 0 - Joplin 2 |
BOTTOM OF THE 2ND |
Joplin Blasters batting - Pitching for Portland Angels : LHP Alejandro Jimenez
|
Batting: RHB Juan Nieves
|
0-0: Ball 1-0: Swinging Strike 1-1: Ball 2-1: Ball 3-1: Base on Balls
|
Batting: RHB Bobby Leon
|
0-0: Called Strike 0-1: Swinging Strike 0-2: Ball 1-2: Ball 2-2: Fly out, F9 (Flyball, 9, EV 90.0 MPH)
|
Batting: RHB Shura Mogilny
|
0-0: Called Strike 0-1: Fly out, F9 (Line Drive, 9, EV 89.4 MPH)
|
Batting: LHB Shohei Nishi
|
0-0: Ball 1-0: Ball 2-0: Ball 3-0: Base on Balls Juan Nieves to second
|
Batting: SHB Adrian Orosco
|
0-0: Swinging Strike 0-1: Ground out 5-3 (Groundball, 56S, EV 82.5 MPH)
|
Bottom of the 2nd over - 0 runs, 0 hits, 0 errors, 2 left on base; Portland 0 - Joplin 2 |
TOP OF THE 3RD |
Portland Angels batting - Pitching for Joplin Blasters : RHP Omar Flores
|
Batting: RHB Mario Martinez
|
0-0: Called Strike 0-1: Foul Ball, location: 2F 0-2: SINGLE (Flyball, 4MD, EV 83.1 MPH)
|
Batting: RHB Carlos Gonzales
|
0-0: Ball 1-0: Swinging Strike 1-1: Called Strike Mario Martinez is caught stealing 2nd base 2-4 1-2: Ball 2-2: Strikes out looking
|
Batting: LHB David Coatney
|
0-0: Ball 1-0: Swinging Strike 1-1: Swinging Strike 1-2: Ball 2-2: Ball 3-2: Strikes out swinging
|
Top of the 3rd over - 0 runs, 1 hit, 0 errors, 0 left on base; Portland 0 - Joplin 2 |
BOTTOM OF THE 3RD |
Joplin Blasters batting - Pitching for Portland Angels : LHP Alejandro Jimenez
|
Batting: RHB Hugo Chavez
|
0-0: Ball 1-0: Foul Ball, location: 2F 1-1: Ball 2-1: Ball 3-1: Called Strike 3-2: SINGLE (Line Drive, 89S, EV 100.6 MPH)
|
Batting: RHB Jose Barboza
|
0-0: Ball 1-0: Ball 2-0: SINGLE (Line Drive, 8RS, EV 90.6 MPH) Hugo Chavez to second
|
Batting: RHB David Rubio
|
0-0: Foul Ball, location: 2F 0-1: Fielders Choice at 2nd, 6-4 (Groundball, 6, EV 90.0 MPH) Hugo Chavez to third
|
Batting: RHB Nick Moore
|
0-0: Fly out, F7 (Flyball, 7, EV 90.0 MPH)
|
Batting: RHB Juan Nieves
|
0-0: Ball 1-0: SINGLE (Line Drive, 9S, EV 94.4 MPH) Hugo Chavez scores David Rubio to second Runner from 2nd tries for 3rd, SAFE, throw by RF made to third
|
Batting: RHB Bobby Leon
|
0-0: Called Strike 0-1: Ball 1-1: SINGLE (Groundball, 3D, EV 101.9 MPH) David Rubio scores Juan Nieves to second Runner from 2nd tries for 3rd, SAFE, throw by RF made to third Bobby Leon to second
|
Batting: RHB Shura Mogilny
|
0-0: Ball 1-0: Fly out, F8 (Flyball, 8LM, EV 86.2 MPH)
|
Bottom of the 3rd over - 2 runs, 4 hits, 0 errors, 2 left on base; Portland 0 - Joplin 4 |
TOP OF THE 4TH |
Portland Angels batting - Pitching for Joplin Blasters : RHP Omar Flores
|
Batting: RHB Dan Contreras
|
0-0: Called Strike 0-1: Ball 1-1: Ball 2-1: Swinging Strike 2-2: Strikes out looking
|
Batting: RHB Arnaud Derosiers
|
0-0: Swinging Strike 0-1: Foul Ball, location: 2F 0-2: Ball 1-2: Ball 2-2: Strikes out swinging
|
Batting: LHB Ramon Garduno
|
0-0: Called Strike 0-1: Fly out, F7 (Flyball, 7LM, EV 90.0 MPH)
|
Top of the 4th over - 0 runs, 0 hits, 0 errors, 0 left on base; Portland 0 - Joplin 4 |
BOTTOM OF THE 4TH |
Joplin Blasters batting - Pitching for Portland Angels : LHP Alejandro Jimenez
|
Batting: LHB Shohei Nishi
|
0-0: Fly out, F9 (Line Drive, 9, EV 84.4 MPH)
|
Batting: SHB Adrian Orosco
|
0-0: Swinging Strike 0-1: Ball 1-1: Fly out, F9 (Flyball, 9LD, EV 105.6 MPH)
|
Batting: RHB Hugo Chavez
|
0-0: Called Strike 0-1: Called Strike 0-2: Ball 1-2: TRIPLE (Flyball, 89XD, EV 96.9 MPH)
|
Batting: RHB Jose Barboza
|
0-0: Called Strike 0-1: Foul Ball, location: 2F 0-2: Ball 1-2: Ball 2-2: Strikes out looking
|
Bottom of the 4th over - 0 runs, 1 hit, 0 errors, 1 left on base; Portland 0 - Joplin 4 |
TOP OF THE 5TH |
Portland Angels batting - Pitching for Joplin Blasters : RHP Omar Flores
|
Pitching: LHP Tristan Irwin
|
|
Batting: RHB Alex Rosaly
|
0-0: SINGLE (Groundball, 56D, EV 98.1 MPH)
|
Batting: SHB Yuya Hirata
|
0-0: Ball 1-0: Called Strike 1-1: Swinging Strike 1-2: Foul Ball, location: 2F 1-2: Strikes out looking
|
Batting: LHB Kevin Feldman
|
0-0: Ball 1-0: Ball 2-0: SINGLE (Flyball, 78S, EV 88.8 MPH) Alex Rosaly to second
|
Batting: RHB Mario Martinez
|
0-0: Called Strike 0-1: Ball 1-1: Swinging Strike 1-2: Ball 2-2: Fly out, F8 (Line Drive, 8RM, EV 89.4 MPH)
|
Batting: RHB Carlos Gonzales
|
0-0: Ball 1-0: Ball 2-0: Called Strike 2-1: Ball 3-1: Reached on error, E7 (Flyball, 7S, EV 81.2 MPH) Alex Rosaly scores Kevin Feldman to third
|
Batting: LHB David Coatney
|
0-0: Called Strike 0-1: Foul Ball, location: 2F 0-2: Strikes out swinging
|
Top of the 5th over - 1 run, 2 hits, 1 error, 2 left on base; Portland 1 - Joplin 4 |
BOTTOM OF THE 5TH |
Joplin Blasters batting - Pitching for Portland Angels : LHP Alejandro Jimenez
|
Pitching: RHP Austin Reitz
|
|
Batting: RHB David Rubio
|
0-0: Ball 1-0: Foul Ball, location: 2F 1-1: Called Strike 1-2: Ball 2-2: Strikes out looking
|
Batting: RHB Nick Moore
|
0-0: Ground out 6-3 (Groundball, 56, EV 95.0 MPH)
|
Batting: RHB Juan Nieves
|
0-0: Called Strike 0-1: Ball 1-1: Foul Ball, location: 2F 1-2: SINGLE (Groundball, 6D, EV 103.1 MPH)
|
Batting: RHB Bobby Leon
|
0-0: Ball 1-0: Ball 2-0: Ball 3-0: Base on Balls Juan Nieves to second
|
Batting: RHB Shura Mogilny
|
0-0: Ball 1-0: DOUBLE (Flyball, 8LXD, EV 93.1 MPH) Juan Nieves scores Bobby Leon to third
|
Batting: LHB Shohei Nishi
|
0-0: 3-RUN HOME RUN (Flyball, 9LD, EV 98.1 MPH), Distance : 350 ft
|
Pitching: RHP Jim Sawicki
|
|
Batting: SHB Adrian Orosco
|
0-0: Swinging Strike 0-1: SINGLE (Flyball, 78S, EV 100.0 MPH)
|
Batting: RHB Hugo Chavez
|
0-0: Foul Ball, location: 2F 0-1: Foul Ball, location: 2F 0-2: 2-RUN HOME RUN (Flyball, 7D, EV 95.0 MPH), Distance : 373 ft
|
Batting: RHB Jose Barboza
|
0-0: Foul Ball, location: 2F 0-1: Ball 1-1: Ball 2-1: Ball 3-1: Foul Ball, location: 2F 3-2: Strikes out looking
|
Bottom of the 5th over - 6 runs, 5 hits, 0 errors, 0 left on base; Portland 1 - Joplin 10 |
TOP OF THE 6TH |
Portland Angels batting - Pitching for Joplin Blasters : LHP Tristan Irwin
|
Batting: RHB Dan Contreras
|
0-0: Ball 1-0: Called Strike 1-1: Fly out, F8 (Line Drive, 78M, EV 97.5 MPH)
|
Batting: RHB Arnaud Derosiers
|
0-0: Ground out 6-3 (Groundball, 6, EV 81.9 MPH)
|
Batting: LHB Ramon Garduno
|
0-0: Ball 1-0: Ball 2-0: Ball 3-0: Called Strike 3-1: Swinging Strike 3-2: Fly out, F9 (Flyball, 9LM, EV 103.8 MPH)
|
Top of the 6th over - 0 runs, 0 hits, 0 errors, 0 left on base; Portland 1 - Joplin 10 |
BOTTOM OF THE 6TH |
Joplin Blasters batting - Pitching for Portland Angels : RHP Jim Sawicki
|
Batting: RHB David Rubio
|
0-0: Ball 1-0: Ball 2-0: Called Strike 2-1: DOUBLE (Flyball, 8LXD, EV 102.5 MPH)
|
Batting: RHB Nick Moore
|
0-0: Ball 1-0: Fly out, F7 (Line Drive, 7, EV 93.8 MPH)
|
Batting: RHB Juan Nieves
|
0-0: Called Strike 0-1: Foul Ball, location: 2F 0-2: Ball 1-2: Ball 2-2: Fly out, F9 (Line Drive, 9LM, EV 86.9 MPH)
|
Batting: RHB Bobby Leon
|
0-0: SINGLE (Groundball, 6MD, EV 103.1 MPH) David Rubio to third Runner from 3rd tries for Home, SAFE, throw by CF to home
|
Batting: RHB Shura Mogilny
|
0-0: Called Strike 0-1: SINGLE (Line Drive, 7S, EV 109.4 MPH) Bobby Leon to second
|
Batting: LHB Shohei Nishi
|
0-0: Ball 1-0: Called Strike 1-1: DOUBLE (Line Drive, 89D, EV 110.6 MPH) Bobby Leon scores Shura Mogilny to third Runner from 3rd tries for Home, SAFE, throw by RF to trailing runner, SAFE at third!
|
Pitching: LHP Ismael Flores
|
|
Batting: SHB Adrian Orosco
|
0-0: Ball 1-0: SINGLE (Line Drive, 9LS, EV 88.8 MPH) Shohei Nishi scores
|
Batting: RHB Hugo Chavez
|
0-0: Ball Wild Pitch! Adrian Orosco to second 1-0: Foul Ball, location: 2F 1-1: Ball 2-1: Ground out 5-3 (Groundball, 56, EV 86.9 MPH)
|
Bottom of the 6th over - 4 runs, 5 hits, 0 errors, 1 left on base; Portland 1 - Joplin 14 |
TOP OF THE 7TH |
Portland Angels batting - Pitching for Joplin Blasters : LHP Tristan Irwin
|
Batting: RHB Alex Rosaly
|
0-0: Called Strike 0-1: Called Strike 0-2: Ball 1-2: Foul Ball, location: 2F 1-2: Ball 2-2: Strikes out looking
|
Batting: SHB Yuya Hirata
|
0-0: Ball 1-0: Ball 2-0: Swinging Strike 2-1: Foul Ball, location: 2F 2-2: Foul Ball, location: 2F 2-2: Ball 3-2: Foul Ball, location: 2F 3-2: Foul Ball, location: 2F 3-2: Strikes out swinging
|
Batting: LHB Kevin Feldman
|
0-0: Swinging Strike 0-1: Swinging Strike 0-2: Ground out 2-3 (Groundball, 15S, EV 65.0 MPH)
|
Top of the 7th over - 0 runs, 0 hits, 0 errors, 0 left on base; Portland 1 - Joplin 14 |
BOTTOM OF THE 7TH |
Joplin Blasters batting - Pitching for Portland Angels : LHP Ismael Flores
|
Pinch Hitting: RHB Angel Melendez
|
0-0: Swinging Strike 0-1: Called Strike 0-2: Ball 1-2: SINGLE (Line Drive, 6M, EV 104.4 MPH)
|
Batting: RHB David Rubio
|
0-0: Foul Ball, location: 2F 0-1: Called Strike 0-2: Ball 1-2: Strikes out swinging
|
Batting: RHB Nick Moore
|
0-0: Foul Ball, location: 2F 0-1: Grounds into double play, 6-4-3 (Groundball, 6, EV 101.2 MPH)
|
Bottom of the 7th over - 0 runs, 1 hit, 0 errors, 0 left on base; Portland 1 - Joplin 14 |
TOP OF THE 8TH |
Portland Angels batting - Pitching for Joplin Blasters : LHP Tristan Irwin
|
Now at 2B: Angel Melendez
|
|
Now at 3B: Nick Moore
|
|
Batting: RHB Mario Martinez
|
0-0: Ball 1-0: Called Strike 1-1: Swinging Strike 1-2: Strikes out swinging
|
Batting: RHB Carlos Gonzales
|
0-0: Ball 1-0: Ground out 6-3 (Groundball, 6, EV 88.8 MPH)
|
Batting: LHB David Coatney
|
0-0: Ball 1-0: Ball 2-0: Ball 3-0: Base on Balls
|
Batting: RHB Dan Contreras
|
0-0: Ball 1-0: Ball 2-0: Ball 3-0: Base on Balls David Coatney to second
|
Batting: RHB Arnaud Derosiers
|
0-0: Called Strike 0-1: Ball 1-1: Ground out 4-3 (Groundball, 4, EV 88.8 MPH)
|
Top of the 8th over - 0 runs, 0 hits, 0 errors, 2 left on base; Portland 1 - Joplin 14 |
BOTTOM OF THE 8TH |
Joplin Blasters batting - Pitching for Portland Angels : LHP Ismael Flores
|
Batting: RHB Juan Nieves
|
0-0: Ball 1-0: Ball 2-0: Ground out 6-3 (Groundball, 6, EV 98.8 MPH)
|
Batting: RHB Bobby Leon
|
0-0: Ball 1-0: Called Strike 1-1: Called Strike 1-2: Ball 2-2: Ball 3-2: Foul Ball, location: 2F 3-2: Foul Ball, location: 2F 3-2: Strikes out swinging
|
Batting: RHB Shura Mogilny
|
0-0: Ground out 5-3 (Groundball, 56, EV 98.8 MPH)
|
Bottom of the 8th over - 0 runs, 0 hits, 0 errors, 0 left on base; Portland 1 - Joplin 14 |
TOP OF THE 9TH |
Portland Angels batting - Pitching for Joplin Blasters : LHP Tristan Irwin
|
Pitching: LHP Bin Ya
|
|
Batting: LHB Ramon Garduno
|
0-0: Fly out, F9 (Flyball, 89S, EV 85.0 MPH)
|
Batting: RHB Alex Rosaly
|
0-0: Foul Ball, location: 2F 0-1: Ground out 6-3 (Groundball, 6, EV 85.6 MPH)
|
Batting: SHB Yuya Hirata
|
0-0: Foul Ball, location: 2F 0-1: Ball 1-1: Ball 2-1: Swinging Strike 2-2: Foul Ball, location: 2F 2-2: Ground out 1-3 (Groundball, 13S, EV 68.1 MPH)
|
Top of the 9th over - 0 runs, 0 hits, 0 errors, 0 left on base; Portland 1 - Joplin 14 |
|